TOP OF THE 1ST |
Miami (APP) Marlins batting - Pitching for Grand Junction Rockies : RHP Logan Ramsey
|
Pitching: RHP Logan Ramsey
|
|
Batting: LHB Orlando Rivera
|
0-0: Bunted foul 0-1: Foul Ball, location: 2F 0-2: SINGLE (Groundball, 4M, EV 110.0 MPH) (infield hit)
|
Batting: RHB Robbie Gomez
|
0-0: Fielders Choice at 2nd, 6-4 (Groundball, 6, EV 75.6 MPH)
|
Batting: LHB Dong-u Chang
|
0-0: 2-RUN HOME RUN (Flyball, 7LD, EV 98.1 MPH), Distance : 350 ft
|
Batting: RHB Jason Thrash
|
0-0: Ball 1-0: Called Strike 1-1: Ball 2-1: Ball 3-1: DOUBLE (Groundball, 5L, EV 104.4 MPH)
|
Batting: RHB George Boivin
|
0-0: Called Strike 0-1: Foul Ball, location: 2F 0-2: Ball 1-2: Ball 2-2: Foul Ball, location: 2F 2-2: Strikes out swinging
|
Batting: SHB Greg Rivera
|
0-0: Fly out, F8 (Flyball, 8LD, EV 93.8 MPH)
|
Top of the 1st over - 2 runs, 3 hits, 0 errors, 1 left on base; Miami (APP) 2 - Grand Junction 0 |
BOTTOM OF THE 1ST |
Grand Junction Rockies batting - Pitching for Miami (APP) Marlins : LHP David Zuniga
|
Pitching: LHP David Zuniga
|
|
Batting: RHB Kevin Tangeman
|
0-0: Foul Ball, location: 2F 0-1: Ball 1-1: Foul Ball, location: 2F 1-2: Ball 2-2: Ball 3-2: Base on Balls
|
Batting: RHB Chris Osting
|
0-0: Ball Kevin Tangeman steals 2nd base 1-0: Called Strike 1-1: Foul Ball, location: 2F 1-2: Foul Ball, location: 2F 1-2: Foul Ball, location: 2F 1-2: Ball 2-2: Ball 3-2: Foul Ball, location: 2LF, Error on foul ball, E2 3-2: Fly out, F8 (Flyball, 8LXD, EV 105.6 MPH) Runner from 2nd tags up, SAFE at 3rd, no throw by CF
|
Batting: RHB Ray Insley
|
0-0: Called Strike 0-1: Ball 1-1: Foul Ball, location: 2F 1-2: Strikes out swinging
|
Batting: RHB Zakhar Edelman
|
0-0: Ball 1-0: Ball 2-0: Ball 3-0: Base on Balls
|
Batting: RHB Matviy Oliynyk
|
0-0: Ball 1-0: Foul Ball, location: 2F 1-1: Ball 2-1: Ball 3-1: Base on Balls Zakhar Edelman to second
|
Batting: SHB Craig Ruzic
|
0-0: Ball 1-0: SINGLE (Groundball, 6MD, EV 103.1 MPH) Kevin Tangeman scores Zakhar Edelman to third Matviy Oliynyk to second Runner from 3rd tries for Home, SAFE, throw by CF to home
|
Batting: RHB Maurice Moore
|
0-0: Called Strike 0-1: Foul Ball, location: 2F 0-2: Strikes out swinging
|
Bottom of the 1st over - 2 runs, 1 hit, 1 error, 2 left on base; Miami (APP) 2 - Grand Junction 2 |
TOP OF THE 2ND |
Miami (APP) Marlins batting - Pitching for Grand Junction Rockies : RHP Logan Ramsey
|
Batting: RHB Axel Moltke
|
0-0: Called Strike 0-1: Ground out 5-3 (Groundball, 56, EV 81.2 MPH)
|
Batting: RHB Torquato Uso
|
0-0: Foul Ball, location: 2F 0-1: Ball 1-1: Ball 2-1: Ball 3-1: Base on Balls
|
Batting: RHB Terrell Smith
|
0-0: Called Strike 0-1: Fly out, F9 (Flyball, 89S, EV 79.4 MPH)
|
Batting: LHB Orlando Rivera
|
0-0: Ground out 4-3 (Groundball, 4, EV 82.5 MPH)
|
Top of the 2nd over - 0 runs, 0 hits, 0 errors, 1 left on base; Miami (APP) 2 - Grand Junction 2 |
BOTTOM OF THE 2ND |
Grand Junction Rockies batting - Pitching for Miami (APP) Marlins : LHP David Zuniga
|
Batting: RHB Manny Thompson
|
0-0: Called Strike 0-1: Ground out U3 (Groundball, 34, EV 99.4 MPH)
|
Batting: RHB Willie Benito
|
0-0: Ball 1-0: Swinging Strike 1-1: Foul Ball, location: 2F 1-2: Ball 2-2: Foul Ball, location: 2F 2-2: Ball 3-2: DOUBLE (Line Drive, 9LM, EV 91.2 MPH)
|
Batting: RHB Kevin Tangeman
|
0-0: Ball 1-0: Ball 2-0: Ball 3-0: Called Strike 3-1: Base on Balls
|
Batting: RHB Chris Osting
|
0-0: Ball 1-0: Foul Ball, location: 2F 1-1: Swinging Strike 1-2: Ball 2-2: Fielders Choice at 2nd, 6-4 (Groundball, 6, EV 98.1 MPH) Willie Benito to third
|
Batting: RHB Ray Insley
|
0-0: Foul Ball, location: 2F 0-1: Called Strike 0-2: Ball 1-2: Foul Ball, location: 2F 1-2: Foul Ball, location: 2F 1-2: Ball 2-2: Ball 3-2: SINGLE (Line Drive, 4D, EV 106.2 MPH) Willie Benito scores Chris Osting to second Chris Osting to third
|
Batting: RHB Zakhar Edelman
|
0-0: Fly out, F9 (Flyball, 9LSF, EV 92.5 MPH)
|
Bottom of the 2nd over - 1 run, 2 hits, 0 errors, 2 left on base; Miami (APP) 2 - Grand Junction 3 |
TOP OF THE 3RD |
Miami (APP) Marlins batting - Pitching for Grand Junction Rockies : RHP Logan Ramsey
|
Batting: RHB Robbie Gomez
|
0-0: Called Strike 0-1: Ground out 4-3 (Groundball, 4S, EV 85.6 MPH)
|
Batting: LHB Dong-u Chang
|
0-0: Ball 1-0: Ball 2-0: Ball 3-0: Base on Balls
|
Batting: RHB Jason Thrash
|
0-0: Ball 1-0: Grounds into double play, 6-4-3 (Groundball, 6, EV 89.4 MPH)
|
Top of the 3rd over - 0 runs, 0 hits, 0 errors, 0 left on base; Miami (APP) 2 - Grand Junction 3 |
BOTTOM OF THE 3RD |
Grand Junction Rockies batting - Pitching for Miami (APP) Marlins : LHP David Zuniga
|
Batting: RHB Matviy Oliynyk
|
0-0: Called Strike 0-1: Ground out 5-3 (Groundball, 56S, EV 82.5 MPH)
|
Batting: SHB Craig Ruzic
|
0-0: Ball 1-0: Ball 2-0: Ball 3-0: Base on Balls
|
Batting: RHB Maurice Moore
|
0-0: Ball 1-0: Hit by Pitch Craig Ruzic to second
|
Batting: RHB Manny Thompson
|
0-0: Called Strike 0-1: Ball 1-1: Ball 2-1: Foul Ball, location: 2F 2-2: Strikes out swinging
|
Batting: RHB Willie Benito
|
0-0: Swinging Strike 0-1: Called Strike 0-2: Ball Wild Pitch! Craig Ruzic to third Maurice Moore to second 1-2: Strikes out swinging
|
Bottom of the 3rd over - 0 runs, 0 hits, 0 errors, 2 left on base; Miami (APP) 2 - Grand Junction 3 |
TOP OF THE 4TH |
Miami (APP) Marlins batting - Pitching for Grand Junction Rockies : RHP Logan Ramsey
|
Batting: RHB George Boivin
|
0-0: Foul Ball, location: 2F 0-1: Called Strike 0-2: Ball 1-2: Strikes out swinging
|
Batting: SHB Greg Rivera
|
0-0: Foul Ball, location: 2F 0-1: Ball 1-1: SOLO HOME RUN (Flyball, 7LD, EV 96.9 MPH), Distance : 339 ft
|
Batting: RHB Axel Moltke
|
0-0: Foul Ball, location: 2F 0-1: Ball 1-1: Swinging Strike 1-2: Strikes out swinging
|
Batting: RHB Torquato Uso
|
0-0: Foul Ball, location: 2F 0-1: Called Strike 0-2: Strikes out swinging
|
Top of the 4th over - 1 run, 1 hit, 0 errors, 0 left on base; Miami (APP) 3 - Grand Junction 3 |
BOTTOM OF THE 4TH |
Grand Junction Rockies batting - Pitching for Miami (APP) Marlins : LHP David Zuniga
|
Batting: RHB Kevin Tangeman
|
0-0: Ball 1-0: Ball 2-0: Ball 3-0: Called Strike 3-1: Called Strike 3-2: Ground out 6-3 (Groundball, 6M, EV 102.5 MPH)
|
Pitching: RHP Danny Alvarez
|
|
Batting: RHB Chris Osting
|
0-0: Ball 1-0: Ball 2-0: Called Strike 2-1: Foul Ball, location: 2F 2-2: Ball 3-2: Strikes out looking
|
Batting: RHB Ray Insley
|
0-0: SOLO HOME RUN (Line Drive, 7D, EV 100.0 MPH), Distance : 386 ft
|
Batting: RHB Zakhar Edelman
|
0-0: Ground out 5-3 (Groundball, 56S, EV 85.0 MPH)
|
Bottom of the 4th over - 1 run, 1 hit, 0 errors, 0 left on base; Miami (APP) 3 - Grand Junction 4 |
TOP OF THE 5TH |
Miami (APP) Marlins batting - Pitching for Grand Junction Rockies : RHP Logan Ramsey
|
Batting: RHB Terrell Smith
|
0-0: Foul Ball, location: 2F 0-1: Called Strike 0-2: Ball 1-2: Ball 2-2: Ground out 6-3 (Groundball, 6, EV 83.1 MPH)
|
Batting: LHB Orlando Rivera
|
0-0: Foul Ball, location: 2F 0-1: Ball 1-1: Ball 2-1: Ball 3-1: Base on Balls
|
Batting: RHB Robbie Gomez
|
0-0: Foul Ball, location: 2F 0-1: Called Strike 0-2: Foul Ball, location: 2F 0-2: Ball 1-2: Fly out, F9 (Flyball, 9S, EV 76.2 MPH)
|
Batting: LHB Dong-u Chang
|
0-0: Ball 1-0: Ball 2-0: Ball 3-0: Called Strike 3-1: Called Strike 3-2: SINGLE (Groundball, 6MD, EV 106.9 MPH) Orlando Rivera to second Orlando Rivera to third
|
Batting: RHB Jason Thrash
|
0-0: Ball 1-0: Foul Ball, location: 2F 1-1: Ball 2-1: Called Strike 2-2: SINGLE (Line Drive, 6M, EV 100.0 MPH) Orlando Rivera scores Dong-u Chang to second
|
Pitching: RHP Jim Crooks
|
|
Batting: RHB George Boivin
|
0-0: Called Strike 0-1: Foul Ball, location: 2F 0-2: Ball 1-2: Ball 2-2: Strikes out swinging
|
Top of the 5th over - 1 run, 2 hits, 0 errors, 2 left on base; Miami (APP) 4 - Grand Junction 4 |
BOTTOM OF THE 5TH |
Grand Junction Rockies batting - Pitching for Miami (APP) Marlins : RHP Danny Alvarez
|
Batting: RHB Matviy Oliynyk
|
0-0: Called Strike 0-1: Fly out, F8 (Flyball, 89S, EV 97.5 MPH)
|
Batting: SHB Craig Ruzic
|
0-0: Ball 1-0: Ball 2-0: Called Strike 2-1: Ball 3-1: Foul Ball, location: 2F 3-2: Base on Balls
|
Batting: RHB Maurice Moore
|
0-0: Swinging Strike Craig Ruzic is caught stealing 2nd base 2-4 0-1: Ball 1-1: Foul Ball, location: 2F 1-2: Ball 2-2: Ball 3-2: Base on Balls
|
Batting: RHB Manny Thompson
|
0-0: Ball 1-0: Swinging Strike 1-1: Called Strike Maurice Moore steals 2nd, throwing error, E2 Maurice Moore to third 1-2: Foul Ball, location: 2F 1-2: Ball 2-2: Ground out 5-3 (Groundball, 56, EV 91.9 MPH)
|
Bottom of the 5th over - 0 runs, 0 hits, 1 error, 1 left on base; Miami (APP) 4 - Grand Junction 4 |
TOP OF THE 6TH |
Miami (APP) Marlins batting - Pitching for Grand Junction Rockies : RHP Jim Crooks
|
Batting: SHB Greg Rivera
|
0-0: Ground out 1-3 (Groundball, 13S, EV 66.9 MPH)
|
Batting: RHB Axel Moltke
|
0-0: Called Strike 0-1: Foul Ball, location: 2F 0-2: Fly out, F7 (Line Drive, 7, EV 91.2 MPH)
|
Batting: RHB Torquato Uso
|
0-0: Ball 1-0: Ball 2-0: Ball 3-0: Called Strike 3-1: Base on Balls
|
Batting: RHB Terrell Smith
|
0-0: Fly out, F9 (Line Drive, 89M, EV 100.0 MPH)
|
Top of the 6th over - 0 runs, 0 hits, 0 errors, 1 left on base; Miami (APP) 4 - Grand Junction 4 |
BOTTOM OF THE 6TH |
Grand Junction Rockies batting - Pitching for Miami (APP) Marlins : RHP Danny Alvarez
|
Batting: RHB Willie Benito
|
0-0: Ball 1-0: Called Strike 1-1: Ball 2-1: Ball 3-1: Foul Ball, location: 2F 3-2: Base on Balls
|
Batting: RHB Kevin Tangeman
|
0-0: Foul Ball, location: 2F 0-1: Foul Ball, location: 2F 0-2: Ball 1-2: Ball 2-2: Strikes out swinging
|
Batting: RHB Chris Osting
|
0-0: Ball 1-0: Foul Ball, location: 2F 1-1: Ball 2-1: Foul Ball, location: 2F 2-2: Ball 3-2: Base on Balls Willie Benito to second
|
Pitching: LHP Matt Boehm
|
|
Batting: RHB Ray Insley
|
0-0: Ball Wild Pitch! Willie Benito to third Chris Osting to second 1-0: Reached on error, E6 (Groundball, 56, EV 108.1 MPH) Willie Benito scores Chris Osting scores
|
Batting: RHB Zakhar Edelman
|
0-0: Ball 1-0: Called Strike 1-1: Foul Ball, location: 2F 1-2: Strikes out swinging
|
Batting: RHB Matviy Oliynyk
|
0-0: Ball 1-0: Ball 2-0: Ball 3-0: Base on Balls
|
Batting: SHB Craig Ruzic
|
0-0: Fielders Choice at 2nd, 5-4 (Groundball, 56, EV 82.5 MPH)
|
Bottom of the 6th over - 2 runs, 0 hits, 1 error, 2 left on base; Miami (APP) 4 - Grand Junction 6 |
TOP OF THE 7TH |
Miami (APP) Marlins batting - Pitching for Grand Junction Rockies : RHP Jim Crooks
|
Batting: LHB Orlando Rivera
|
0-0: Called Strike 0-1: Ball 1-1: Swinging Strike 1-2: Ball 2-2: Ball 3-2: Foul Ball, location: 2F 3-2: Base on Balls
|
Batting: RHB Robbie Gomez
|
0-0: Fly out, F4 (Popup, 4S, EV 74.4 MPH)
|
Batting: LHB Dong-u Chang
|
0-0: Ball Orlando Rivera steals 2nd, throwing error, E2 Orlando Rivera to third 1-0: Ball 2-0: Ball 3-0: Base on Balls
|
Batting: RHB Jason Thrash
|
0-0: Ball 1-0: Ball Dong-u Chang is caught stealing 2nd base 2-4 2-0: Called Strike 2-1: SINGLE (Groundball, 56D, EV 95.0 MPH) Orlando Rivera scores
|
Batting: RHB George Boivin
|
0-0: Foul Ball, location: 2F 0-1: Foul Ball, location: 2F 0-2: Ball 1-2: Ball 2-2: Hit by Pitch Jason Thrash to second
|
Pitching: RHP Zi-cheng Zhou
|
|
Batting: SHB Greg Rivera
|
0-0: Called Strike 0-1: Ball 1-1: Ball 2-1: Foul Ball, location: 2F 2-2: Strikes out swinging
|
Top of the 7th over - 1 run, 1 hit, 1 error, 2 left on base; Miami (APP) 5 - Grand Junction 6 |
BOTTOM OF THE 7TH |
Grand Junction Rockies batting - Pitching for Miami (APP) Marlins : LHP Matt Boehm
|
Batting: RHB Maurice Moore
|
0-0: Called Strike 0-1: Ball 1-1: Ball 2-1: Ball 3-1: Foul Ball, location: 2F 3-2: DOUBLE (Groundball, 5L, EV 109.4 MPH)
|
Batting: RHB Manny Thompson
|
0-0: DOUBLE (Line Drive, 9LD, EV 105.0 MPH) Maurice Moore scores
|
Batting: RHB Willie Benito
|
0-0: Called Strike 0-1: Foul Ball, location: 2F 0-2: Foul Ball, location: 2F 0-2: Ball 1-2: Strikes out looking
|
Pitching: RHP Aidan Mitchell
|
|
Batting: RHB Kevin Tangeman
|
0-0: Ball 1-0: Ball 2-0: Ball 3-0: Called Strike 3-1: Called Strike 3-2: Base on Balls
|
Batting: RHB Chris Osting
|
0-0: Ball 1-0: Foul Ball, location: 2F 1-1: Ball 2-1: Foul Ball, location: 2F 2-2: Ball 3-2: Foul Ball, location: 2F 3-2: Base on Balls Manny Thompson to third Kevin Tangeman to second
|
Batting: RHB Ray Insley
|
0-0: Ball 1-0: Called Strike 1-1: Ball 2-1: Called Strike 2-2: Ball 3-2: Base on Balls Manny Thompson scores Kevin Tangeman to third Chris Osting to second
|
Batting: RHB Zakhar Edelman
|
0-0: Foul Ball, location: 2F 0-1: Fly out, F9 (Flyball, 9, EV 78.8 MPH) Runner from 3rd tags up, SCORES, no throw by RF
|
Pitching: RHP Santiago Navarro
|
|
Batting: RHB Matviy Oliynyk
|
0-0: Fly out, F8 (Flyball, 8RM, EV 91.9 MPH)
|
Bottom of the 7th over - 3 runs, 2 hits, 0 errors, 2 left on base; Miami (APP) 5 - Grand Junction 9 |
TOP OF THE 8TH |
Miami (APP) Marlins batting - Pitching for Grand Junction Rockies : RHP Zi-cheng Zhou
|
Batting: RHB Axel Moltke
|
0-0: Ball 1-0: Ball 2-0: Ball 3-0: Called Strike 3-1: Fly out, F6 (Popup, 6D, EV 71.2 MPH)
|
Batting: RHB Torquato Uso
|
0-0: Called Strike 0-1: Ball 1-1: SINGLE (Line Drive, 34D, EV 95.6 MPH)
|
Batting: RHB Terrell Smith
|
0-0: Ball 1-0: Ball 2-0: Foul Ball, location: 2F 2-1: Fielders Choice at 2nd, 6-4 (Groundball, 6, EV 80.6 MPH)
|
Batting: LHB Orlando Rivera
|
0-0: Ball 1-0: Ball 2-0: Ball 3-0: Called Strike 3-1: Foul Ball, location: 2F 3-2: Base on Balls Terrell Smith to second
|
Batting: RHB Robbie Gomez
|
0-0: Foul Ball, location: 2F 0-1: Ball 1-1: Foul Ball, location: 2F 1-2: Ball 2-2: Strikes out looking
|
Top of the 8th over - 0 runs, 1 hit, 0 errors, 2 left on base; Miami (APP) 5 - Grand Junction 9 |
BOTTOM OF THE 8TH |
Grand Junction Rockies batting - Pitching for Miami (APP) Marlins : RHP Santiago Navarro
|
Batting: SHB Craig Ruzic
|
0-0: Ground out 4-3 (Groundball, 4M, EV 103.1 MPH)
|
Batting: RHB Maurice Moore
|
0-0: Ball 1-0: DOUBLE (Line Drive, 78D, EV 105.0 MPH)
|
Batting: RHB Manny Thompson
|
0-0: Called Strike 0-1: Swinging Strike 0-2: Foul Ball, location: 2F 0-2: Foul Ball, location: 2F 0-2: Ball 1-2: Strikes out swinging
|
Batting: RHB Willie Benito
|
0-0: Ball 1-0: Swinging Strike 1-1: Swinging Strike 1-2: Ball 2-2: Strikes out swinging
|
Bottom of the 8th over - 0 runs, 1 hit, 0 errors, 1 left on base; Miami (APP) 5 - Grand Junction 9 |
TOP OF THE 9TH |
Miami (APP) Marlins batting - Pitching for Grand Junction Rockies : RHP Zi-cheng Zhou
|
Pitching: RHP Don Carriere
|
|
Batting: LHB Dong-u Chang
|
0-0: Ball 1-0: Called Strike 1-1: Foul Ball, location: 2F 1-2: Ball 2-2: Ball 3-2: Base on Balls
|
Batting: RHB Jason Thrash
|
0-0: Called Strike 0-1: Ball 1-1: Called Strike 1-2: Ball 2-2: Grounds into double play, 5-4-3 (Groundball, 56S, EV 83.1 MPH)
|
Batting: RHB George Boivin
|
0-0: Ball 1-0: Fly out, F4 (Line Drive, 34D, EV 74.4 MPH)
|
Top of the 9th over - 0 runs, 0 hits, 0 errors, 0 left on base; Miami (APP) 5 - Grand Junction 9 |
|